 Dungeon Crawl Stone Soup version 0.28-a0-1518-gbe868bca14 (webtiles) character file.

Game seed: 11170788207706569709

73 issech the Skirmisher (level 4, 0/41 HPs)
             Began as a Minotaur Fighter on Jan 17, 2022.
             Was a Follower of Elyvilon.
             Slain by a gnoll (5 damage)
             ... on level 2 of the Dungeon.
             The game lasted 00:06:17 (1262 turns).

issech the Skirmisher (Minotaur Fighter)            Turns: 1262, Time: 00:06:18

Health: 0/41       AC:  7    Str: 22    XL:     4   Next: 8%
Magic:  3/3        EV:  9    Int:  5    God:    Elyvilon [*.....]
Gold:   52         SH:  4    Dex: 10    Spells: 3/3 levels left

rFire   . . .      SeeInvis .   a - +0 war axe
rCold   . . .      Faith    .   c - +0 buckler
rNeg    . . .      Spirit   .   b - +0 scale mail
rPois   .          Reflect  .   (helmet restricted)
rElec   .          Harm     .   (no cloak)
rCorr   .          Rampage  .   (no gloves)
Will    .....                   (no boots)
Stlth   ..........              (no amulet)
HPRegen 0.13/turn               (no ring)
MPRegen 0.08/turn               (no ring)

@: no status effects
A: horns 2, retaliatory headbutt
a: Renounce Religion, Purification


You were on level 2 of the Dungeon.
You worshipped Elyvilon.
Elyvilon was aware of your devotion.
You visited 1 branch of the dungeon, and saw 2 of its levels.

You collected 52 gold pieces.

Inventory:

Hand Weapons
 a - a +0 war axe (weapon)
 e - a +0 club
 h - a +0 dagger
 i - a +0 dagger
 l - a +0 club
 m - a +0 club
 o - a +0 whip
 r - a +0 dagger of holy wrath
 s - a +0 hunting sling
 t - a +0 dagger
Missiles
 n - 4 poisoned darts (quivered)
 p - 32 stones
Armour
 b - a +0 scale mail (worn)
 c - a +0 buckler (worn)
Scrolls
 f - a scroll of teleportation {unknown}
Potions
 d - 2 potions of might
 g - a potion of degeneration {unknown}
 j - 2 potions of attraction {unknown}
 k - a potion of magic {unknown}
 q - a potion of resistance {unknown}


   Skills:
 + Level 4.7 Fighting
 + Level 3.3 Axes
 + Level 3.8 Armour
 + Level 0.1 Dodging
 + Level 4.4 Shields


You had 3 spell levels left.
You didn't know any spells.
Your spell library was empty.

Dungeon Overview and Level Annotations

Branches:
Dungeon (2/15)

Altars:
Elyvilon


Innate Abilities, Weirdness & Mutations

You have a pair of horns on your head.
You reflexively headbutt those who attack you in melee.


Message History

You closely miss the gnoll. Your headbutt misses the gnoll.
You closely miss the gnoll.
The gnoll hits you but does no damage. x2
The gnoll hits you with a +0 spear. The gnoll closely misses you.
The gnoll hits you from afar with a +0 spear.
The gnoll closely misses you. The gnoll hits you with a +0 spear.
The gnoll hits you with a +1 spear of pain.
You writhe in agony.
Things that are here:
a +0 whip; a gnoll corpse The gnoll hits you from afar with a +0 spear.
The gnoll hits you from afar with a +1 spear of pain.
The gnoll hits you but does no damage.
The gnoll hits you from afar with a +1 spear of pain.
You writhe in agony.
You closely miss the gnoll. You headbutt the gnoll.
The gnoll is moderately wounded.
The gnoll barely misses you. x2
You hit the gnoll.
The gnoll is heavily wounded.
The gnoll misses you. The gnoll hits you but does no damage.
You writhe in agony.
You hit the gnoll. You headbutt the gnoll.
The gnoll is almost dead.
The gnoll closely misses you.
The gnoll hits you from afar with a +1 spear of pain.
The gnoll hits you with a +0 spear.
* * * LOW HITPOINT WARNING * * *
The gnoll hits you but does no damage.
You closely miss the gnoll.
The gnoll is almost dead.
The gnoll hits you with a +0 spear.
* * * LOW HITPOINT WARNING * * *
You block the gnoll's attack.
You closely miss the gnoll.
The gnoll is almost dead.
The gnoll hits you with a +0 spear.
* * * LOW HITPOINT WARNING * * *
The gnoll hits you but does no damage. The gnoll hits you with a +0 spear.
You die...

#.# #.# #.# #.#
#.# #.# #.#
#.#######
###.#####.......#
#.........#
#.#.#####.# #####
#.# .... #@#
§≈§..##g#
§§§≈...g##
§≈≈≈....)#
≈§≈≈......#
§≈≈........#
....#........
#####......#...
(.....##..#


You could see 2 gnolls.

Vanquished Creatures
  2 gnolls (D:2)
  2 adders (D:2)
  2 dart slugs
  2 endoplasms (D:1)
  A giant cockroach (D:1)
  6 goblins
  3 hobgoblins
  4 jackals (D:2)
  A quokka (D:1)
  A bat (D:1)
  A frilled lizard (D:1)
  2 kobolds (D:1)
  4 rats
31 creatures vanquished.

Notes
Turn   | Place    | Note
-------+----------+-------------------------------------------
     0 | D:1      | issech the Minotaur Fighter began the quest for the Orb.
     0 | D:1      | Reached XP level 1. HP: 19/19 MP: 0/0
     6 | D:1      | Noticed a black mamba
     6 | D:1      | Noticed a hound
     7 | D:1      | Noticed a lindwurm
     7 | D:1      | Noticed a black bear
   184 | D:1      | Reached XP level 2. HP: 23/27 MP: 1/1
   383 | D:1      | Found a faded altar of an unknown god.
   810 | D:1      | Prayed at the altar of an unknown god.
   810 | D:1      | Became a worshipper of Elyvilon the Healer
   810 | D:1      | Reached * piety under Elyvilon
   867 | D:2      | Reached XP level 3. HP: 32/34 MP: 2/2
  1251 | D:2      | Reached XP level 4. HP: 41/41 MP: 3/3
  1262 | D:2      | Slain by a gnoll

Illustrated notes

Levels and vault maps discovered:
D:1:      onia_arrival_zoo_common, layout_basic, ebering_ecumenical_altar_hall
D:2:      layout_loops_ring, serial_shops, nicolae_lakefront_shop

Skill      XL: |  1  2  3 |
---------------+----------+-----
Fighting       | 4 |  4.7
Shields        | 4 |  4.4
Axes           | 3 |  3.3
Armour         | |  3.8
Dodging        | |  0.1

Action                   |  1- 3 |  4- 6 || total
-------------------------+-------+-------++-------
Melee: War axe           |    70 |     6 ||    76
       Headbutt          |     9 |     2 ||    11
Armor: Scale mail        |    30 |     6 ||    36
Dodge: Dodged            |    35 |     6 ||    41
Block: Buckler           |    14 |     2 ||    16

Table legend: (Time is in decaauts)
 A = Elapsed time spent in this place.
 B = Non-inter-level travel time spent in this place.
 C = Inter-level travel time spent in this place.
 D = Time resting spent in this place.
 E = Time spent auto-exploring this place.
 F = Levels seen in this place.
 G = Mean time per level.
                   A        B        C        D        E       F      G
               +--------+--------+--------+--------+--------+-----+--------+
         Total |   1292 |   1292 |      0 |     78 |    355 |   2 |  646.0 |
       Dungeon |   1292 |   1292 |      0 |     78 |    355 |   2 |  646.0 |
               +--------+--------+--------+--------+--------+-----+--------+

Top non-repeatable levels by time:
     D:1: 862 daAuts
     D:2: 429 daAuts
